 Dungeon Crawl Stone Soup version 0.20.1-1-g8b1a95d (webtiles) character file.

266 polve the Charmwright (level 6, -5/48 HPs)
             Began as a Draconian Skald on July 3, 2017.
             Killed from afar by an orc wizard (6 damage)
             ... with a magic dart
             ... on level 4 of the Dungeon.
             The game lasted 00:05:25 (5216 turns).

polve the Charmwright (Draconian Skald)             Turns: 5216, Time: 00:05:26

Health: -5/48      AC:  6    Str: 14    XL:     6   Next: 0%
Magic:  2/9        EV: 12    Int: 15    God:
Gold:   183        SH:  0    Dex: 10    Spells: 3/9 levels left

rFire    . . .     SeeInvis .   a - +0 spear
rCold    . . .     Gourm    .   (no shield)
rNeg     . . .     Faith    .   (armour unavailable)
rPois    .         Spirit   .   (helmet restricted)
rElec    .         Reflect  .   (no cloak)
rCorr    .         Harm     .   (no gloves)
MR       .....                  (no boots)
Stlth    +.........             (no amulet)
Regen    0.2/turn               (no ring)
MPRegen  0.2/turn               (no ring)

@: infused (expiring)
A: unfitting armour, cold-blooded, AC +6
a: no special abilities


You were on level 4 of the Dungeon.
You were not hungry.

You visited 1 branch of the dungeon, and saw 4 of its levels.

You collected 183 gold pieces.

Inventory:

Hand Weapons
 a - a +0 spear (weapon)
Jewellery
 f - a cursed -2 ring of intelligence {unknown}
Scrolls
 h - a scroll of immolation {unknown}
 i - a scroll of blinking {unknown}
 j - a scroll of enchant armour {unknown}
 k - a scroll of fog {unknown}
 l - a scroll of enchant weapon {unknown}
 n - a scroll of teleportation {unknown}
 o - 3 scrolls of identify {unknown}
 q - a scroll of remove curse {unknown}
Potions
 d - a potion of degeneration {unknown}
 e - a potion of ambrosia {unknown}
 p - 2 potions of cancellation {unknown}
 s - a potion of resistance {unknown}
 t - a potion of lignification {unknown}
 v - a potion of heal wounds {unknown}
Books
 b - a book of Battle

   Spells                             Type                      Level
   a - Infusion                       Charms                       1
   b - Shroud of Golubria             Charms/Translocation         2
   c - Song of Slaying                Charms                       2
   d - Spectral Weapon                Hexes/Charms                 3
   e - Regeneration                   Charms/Necromancy            3
Comestibles
 c - 5 bread rations
 g - 2 meat rations
 m - 2 fruits
 r - a royal jelly


   Skills:
 - Level 2.1 Fighting
 - Level 2.0 Polearms
 - Level 2.1 Dodging
 - Level 2.0 Spellcasting
 + Level 3.0 Hexes
 - Level 4.0 Charms
 + Level 3.2 Translocations


You had 3 spell levels left.
You knew the following spells:

 Your Spells              Type           Power        Failure   Level  Hunger
a - Infusion              Chrm           ##..         4%          1    #......
b - Shroud of Golubria    Chrm/Tloc      ##........   8%          2    ###....
c - Spectral Weapon       Hex/Chrm       ##......     16%         3    ###....


Dungeon Overview and Level Annotations

Branches:
Dungeon (4/15)
 Temple: D:4-7

Altars:
Nemelex Xobeh

Annotations:
D:2 1 transporter


Innate Abilities, Weirdness & Mutations

Your plain brown scales are hard. (AC +6)
You cannot fit into any form of body armour.
You are cold-blooded and may be slowed by cold attacks.


Message History

The orc barely misses you. The orc wizard hits you with a dagger.
* * * LOW HITPOINT WARNING * * *
You hit the orc wizard.
You kill the orc wizard!
Your Hexes skill increases to level 3!
Your magical infusion is running out.
Something hits you but does no damage. The orc barely misses you.
Attack whom?
Press: ? - help, Dir - move target cursor, f - orc
Aim: an orc, wielding a trident and wearing a ring mail (almost dead)
You reach to attack!
You hit the orc.
You kill the orc!
You have reached level 6!
Your experience leads to an increase in your attributes!
Increase (S)trength, (I)ntelligence, or (D)exterity?
You feel clever.
Your scales feel tougher.
You hear some strange, mumbled words.
A magic dart appears from out of thin air!
The magic dart hits you!
You die...

#...... #..#
#...... #..#
#...... #..#
#.....# #..#
#.....' #..#
#.....# #..###.#
#.....# #.))hho#
#####.#
#@##############.#
#................#
##################


You could see an orc and 2 jackals.

Vanquished Creatures
  2 hounds (D:4)
  An orc wizard (D:4)
  A bullfrog skeleton (D:4)
  6 adders
  A dart slug (D:2)
  A worm (D:3)
  2 leopard geckos (D:4)
  An orc (D:4)
  2 ball pythons (D:3)
  4 giant cockroaches
  10 goblins
  12 hobgoblins
  10 jackals
  7 kobolds
  3 quokkas (D:3)
  7 bats
  3 frilled lizards
  16 rats
  A bush (D:1)
90 creatures vanquished.

Notes
Turn   | Place    | Note
-------+----------+-------------------------------------------
     0 | D:1      | polve the Draconian Skald began the quest for the Orb.
     0 | D:1      | Reached XP level 1. HP: 17/17 MP: 3/3
    70 | D:1      | Reached skill level 3 in Charms
    84 | D:1      | Reached XP level 2. HP: 4/24 MP: 1/5
   801 | D:1      | Reached XP level 3. HP: 21/29 MP: 6/6
  1719 | D:1      | Reached skill level 4 in Charms
  1725 | D:1      | Learned a level 2 spell: Shroud of Golubria
  1729 | D:1      | Learned a level 3 spell: Spectral Weapon
  2449 | D:2      | Found a faded altar of an unknown god.
  2652 | D:2      | Found a sparkling altar of Nemelex Xobeh.
  2652 | D:2      | Found a transporter.
  2652 | D:2      | Noticed an orc warrior
  2657 | D:2      | Reached skill level 1 in Hexes
  2836 | D:2      | Reached skill level 1 in Translocations
  2836 | D:2      | Reached XP level 4. HP: 29/36 MP: 7/7
  4555 | D:4      | Reached XP level 5. HP: 38/41 MP: 8/8
  5214 | D:4      | HP: 1/41 [orc wizard/dagger (2)]
  5216 | D:4      | Reached XP level 6. HP: 1/48 MP: 2/9
  5216 | D:4      | Killed from afar by an orc wizard

Skill      XL: |  1  2  3  4  5 |
---------------+----------------+-----
Charms         | 3 4 |  4.0
Hexes          | 1 2 3 |  3.0
Translocations | 1 2 3 |  3.2
Fighting       | |  2.1
Polearms       | |  2.0
Dodging        | |  2.1
Spellcasting   | |  2.0

Action                   |  1- 3 |  4- 6 || total
-------------------------+-------+-------++-------
Melee: Spear             |   395 |   157 ||   552
       Tailslap          |    50 |     9 ||    59
 Cast: Infusion          |     7 |    18 ||    25
 Stab: Sleeping          |       |     1 ||     1
  Eat: Chunk             |     7 |     8 ||    15
Armor: Skin              |    69 |    39 ||   108
Dodge: Dodged            |   122 |    81 ||   203
